 Dungeon Crawl Stone Soup version 0.30.1-9-gdf580d7c3d (webtiles) character file.

Game seed: 6604487151033366506

256 valtara the Chopper (level 6, -1/49 (51) HPs)
             Began as a Gnoll Reaver on Oct 6, 2023.
             Succumbed to a kobold brigand's poison
             ... on level 3 of the Dungeon.
             The game lasted 01:06:21 (4466 turns).

valtara the Chopper (Gnoll Reaver)                  Turns: 4466, Time: 01:06:21

HP:   -1/49 (51)    AC:  9    Str: 12 (13) XL:     6   Next: 16%
MP:   14/14         EV: 12    Int:  7 (10) God:
Gold: 156           SH:  0    Dex: 16 (17) Spells: 14/15 levels left

rFire   . . .        a - +0 hand axe (venom)
rCold   + . .        (no shield)
rNeg    . . .        b - +3 ring mail of the Arcadian God {rC+}
rPois   .            (no helmet)
rElec   .            (no cloak)
rCorr   .            (no gloves)
SInv    .            g - +0 pair of boots
Will    .....        s - amulet of regeneration
Stlth   +            n - +6 ring of dexterity
HPRegen 1.08/turn    (no ring)
MPRegen 0.14/turn

%: no passive effects
@: lethally poisoned (-1 -> -5), flying, lightly drained
A: fangs 1, strong nose, distributed training, dopey 1
a: no special abilities


You were on level 3 of the Dungeon.
You visited 1 branch of the dungeon, and saw 4 of its levels.

You collected 156 gold pieces.

Inventory:

Hand Weapons
 a - a +0 hand axe of venom (weapon)
 e - a +1 flail
 f - a +1 dagger of draining
 h - a +0 falchion
 j - a +0 flail of protection
 l - a +0 halberd
Missiles
 m - a javelin
 p - 2 atropa-tipped darts (quivered)
 q - 2 poisoned darts
Armour
 b - the +3 ring mail of the Arcadian God (worn) {rC+}
   (You found it on level 2 of the Dungeon)

   rC:        It protects you from cold.
 g - a +0 pair of boots (worn)
Jewellery
 i - an amulet of the acrobat
 n - a +6 ring of dexterity (left hand)
 s - an amulet of regeneration (around neck)
Wands
 o - a wand of acid (9)
Scrolls
 c - 2 scrolls of amnesia
 d - 3 scrolls of identify


   Skills:
 + Level 5.0 Fighting
 + Level 1.9 Short Blades
 + Level 1.9 Long Blades
 + Level 6.8 Axes
 + Level 1.9 Maces & Flails
 + Level 1.9 Polearms
 + Level 1.9 Staves
 + Level 1.9 Ranged Weapons
 + Level 1.9 Throwing
 + Level 1.9 Armour
 + Level 5.0 Dodging
 + Level 1.9 Stealth
 + Level 1.9 Shields
 + Level 1.9 Unarmed Combat
 + Level 5.3 Spellcasting
 + Level 5.6 Conjurations
 + Level 1.5 Hexes
 + Level 1.5 Summonings
 + Level 1.5 Necromancy
 + Level 1.5 Translocations
 + Level 1.5 Transmutations
 + Level 1.5 Fire Magic
 + Level 1.5 Ice Magic
 + Level 1.5 Air Magic
 + Level 1.5 Earth Magic
 + Level 1.5 Poison Magic
 + Level 2.1 Invocations
 + Level 1.9 Evocations


You had 14 spell levels left.
You knew the following spells:

 Your Spells              Type           Power      Damage    Failure   Level
a - Kiss of Death         Conj/Necr      24%        2d7       14%         1

Your spell library contained the following spells:

 Spells                   Type           Power      Damage    Failure   Level
 Momentum Strike          Conj/Tloc      12%        3d8       21%         2
 Hailstorm                Conj/Ice       6%         3d4       38%         3


Dungeon Overview and Level Annotations

Branches:
Dungeon (4/15)
 Temple: D:4-7

Altars:
Nemelex Xobeh
Ru
Wu Jian

Annotations:
D:4 dvd2's ghost, amateur DsEE


Innate Abilities, Weirdness & Mutations

You have very sharp teeth.
Your uncanny sense of smell can sniff out nearby items.
Your experience applies equally to all skills.
You are dopey. (Int -2)


Message History

The kobold brigand is moderately wounded.
The kobold brigand hits you with a +2 rapier of electrocution.
You are too injured to fight recklessly!
You are too injured to fight recklessly!
The kobold brigand throws a poisoned dart.
The poisoned dart closely misses you.
You are too injured to fight recklessly!
It was a potion of degeneration.
There was something very wrong with that liquid.
You feel weakened.
You feel dopey.
You feel clumsy.
The kobold brigand attacks as you move away!
The kobold brigand hits you but does no damage.
You are electrocuted!!
* * * LOW HITPOINT WARNING * * *
The kobold brigand throws a poisoned dart.
The poisoned dart hits you!
You are poisoned.
You are too injured to fight recklessly!
As you read the scroll of teleportation, it crumbles to dust.
You feel strangely unstable.
You feel sick.
The kobold brigand throws a poisoned dart.
The poisoned dart hits you!
You are more poisoned.
You feel very sick.
The kobold brigand throws a poisoned dart.
The poisoned dart hits you.
You are more poisoned.
* * * LOW HITPOINT WARNING * * *
You feel very sick.
The kobold brigand throws a poisoned dart.
The poisoned dart hits you!
You are lethally poisoned!
As you read the scroll of fear, it crumbles to dust.
You assume a fearsome visage.
The kobold brigand looks frightened!
* * * LOW HITPOINT WARNING * * *
You feel very sick.
Your surroundings suddenly seem different.
* * * LOW HITPOINT WARNING * * *
You feel very sick.
You die...

#...# #...###
#.....# #.....#
#####.# ##### #.†
##### #...# ##.
#...# #...### ##
#@..## #.....#####
#....###...#......
#......##.########
##.###.##.## # #.#
#.....# ## #.#
####..# #. #.#
#..######. #.#
##......... #.#
#...###.###


There were no monsters in sight!

Vanquished Creatures
  An orc priest (D:4)
  A sleepcap (D:4)
  3 gnolls (D:2)
  6 adders
  An ufetubus (D:4)
  3 worms
  A dart slug (D:2)
  10 orcs (D:4)
  5 ball pythons
  4 endoplasms
  7 giant cockroaches
  4 hobgoblins
  7 jackals
  9 quokkas
  11 bats
  5 frilled lizards
  3 goblins
  10 kobolds
  5 rats (D:1)
96 creatures vanquished.

Notes
Turn   | Place    | Note
-------+----------+-------------------------------------------
     0 | D:1      | valtara the Gnoll Reaver began the quest for the Orb.
     0 | D:1      | Reached XP level 1. HP: 20/20 MP: 6/6
   115 | D:1      | Reached XP level 2. HP: 26/26 MP: 7/7
   195 | D:2      | Identified the +3 ring mail of the Arcadian God {rC+}
  1199 | D:1      | Reached skill level 5 in Spellcasting
  1199 | D:1      | Reached XP level 3. HP: 28/29 MP: 7/9
  1716 | D:2      | Found a sparkling altar of Nemelex Xobeh.
  1780 | D:2      | Reached skill level 1 in Invocations
  1827 | D:2      | Reached skill level 1 in Short Blades
  1827 | D:2      | Reached skill level 1 in Long Blades
  1827 | D:2      | Reached skill level 1 in Maces & Flails
  1827 | D:2      | Reached skill level 1 in Polearms
  1827 | D:2      | Reached skill level 1 in Staves
  1827 | D:2      | Reached skill level 1 in Ranged Weapons
  1827 | D:2      | Reached skill level 1 in Throwing
  1827 | D:2      | Reached skill level 1 in Armour
  1827 | D:2      | Reached skill level 1 in Stealth
  1827 | D:2      | Reached skill level 1 in Shields
  1827 | D:2      | Reached skill level 1 in Unarmed Combat
  1827 | D:2      | Reached skill level 1 in Evocations
  1929 | D:2      | Reached XP level 4. HP: 34/38 MP: 11/11
  1958 | D:2      | Gained mutation: You are dopey. (Int -2) [potion of
                  | mutation]
  2071 | D:2      | Reached skill level 1 in Hexes
  2071 | D:2      | Reached skill level 1 in Summonings
  2071 | D:2      | Reached skill level 1 in Necromancy
  2071 | D:2      | Reached skill level 1 in Translocations
  2071 | D:2      | Reached skill level 1 in Transmutations
  2071 | D:2      | Reached skill level 1 in Fire Magic
  2071 | D:2      | Reached skill level 1 in Ice Magic
  2071 | D:2      | Reached skill level 1 in Air Magic
  2071 | D:2      | Reached skill level 1 in Earth Magic
  2071 | D:2      | Reached skill level 1 in Poison Magic
  2587 | D:3      | Reached XP level 5. HP: 26/43 MP: 12/12
  3240 | D:4      | Noticed dvd2's ghost (amateur DsEE)
  3242 | D:4      | Noticed a kobold brigand
  3244 | D:4      | Found a runed translucent gate.
  3244 | D:4      | Found a runed translucent gate.
  3244 | D:4      | Found a runed translucent gate.
  3749 | D:4      | Found a sacrificial altar of Ru.
  3774 | D:4      | Reached XP level 6. HP: 27/46 MP: 13/13
  4203 | D:4      | Found an ornate altar of the Wu Jian Council.
  4208 | D:4      | Noticed a spectral centipede
  4208 | D:4      | Noticed a spectral black mamba
  4208 | D:4      | Noticed a spectral cane toad
  4437 | D:4      | Reached skill level 5 in Fighting
  4437 | D:4      | Reached skill level 5 in Dodging
  4465 | D:3      | HP: 1/49 [poisoned by a kobold brigand]
  4466 | D:3      | Succumbed to a kobold brigand's poison

Illustrated notes

Levels and vault maps discovered:
D:1:      minmay_arrival_wavy_path, layout_loops_ring
D:2:      layout_rooms, basic_altar, minmay_fractal_squares_gapless_5
D:3:      layout_rooms
D:4:      layout_loops_ring, nicolae_ru_sacrificial_ziggurat,
          pdpol_wu_jian_five_deadly_venoms, gammafunk_ghost_nasty_kobolds

Skill      XL: |  1  2  3  4  5  6 |
---------------+-------------------+-----
Spellcasting   | 5 |  5.3
Invocations    | 1 2 |  2.1
Short Blades   | 1 |  1.9
Long Blades    | 1 |  1.9
Maces & Flails | 1 |  1.9
Polearms       | 1 |  1.9
Staves         | 1 |  1.9
Ranged Weapons | 1 |  1.9
Throwing       | 1 |  1.9
Armour         | 1 |  1.9
Stealth        | 1 |  1.9
Shields        | 1 |  1.9
Unarmed Combat | 1 |  1.9
Evocations     | 1 |  1.9
Hexes          | 1 |  1.5
Summonings     | 1 |  1.5
Necromancy     | 1 |  1.5
Translocations | 1 |  1.5
Transmutations | 1 |  1.5
Fire Magic     | 1 |  1.5
Ice Magic      | 1 |  1.5
Air Magic      | 1 |  1.5
Earth Magic    | 1 |  1.5
Poison Magic   | 1 |  1.5
Fighting       | 5 |  5.0
Dodging        | 5 |  5.0
Axes           | |  6.8
Conjurations   | |  5.6

Action                     |  1- 3 |  4- 6 || total
---------------------------+-------+-------++-------
  Melee: Hand axe          |    94 |    64 ||   158
         Bite              |     5 |    14 ||    19
         Halberd           |       |    40 ||    40
         Punch             |       |     2 ||     2
         Dagger            |       |    36 ||    36
         Flail             |       |    11 ||    11
  Throw: Javelin           |    22 |    27 ||    49
         Stone             |     2 |    19 ||    21
         Dart              |       |    54 ||    54
   Cast: Kiss of Death     |     1 |     1 ||     2
    Use: Scroll            |     5 |     6 ||    11
         Potion            |       |    10 ||    10
   Stab: Invisible         |       |     1 ||     1
 Armour: Leather armour    |    10 |       ||    10
         Ring mail         |    25 |    81 ||   106
  Dodge: Dodged            |    64 |   104 ||   168
